 Dungeon Crawl Stone Soup version 0.29.1-12-g30fa7ad0bf (webtiles) character file.

Game seed: 9445256806761095476

86 Peloso the Covered (level 4, -9/40 HPs)
             Began as a Minotaur Fighter on Dec 22, 2022.
             Killed from afar by a white imp (12 damage)
             ... with a puff of frost
             ... summoned by Natasha
             ... on level 2 of the Dungeon.
             The game lasted 00:01:46 (1409 turns).

Peloso the Covered (Minotaur Fighter)               Turns: 1409, Time: 00:01:47

Health: -9/40      AC:  7    Str: 20    XL:     4   Next: 27%
Magic:  3/3        EV:  9    Int:  5    God:
Gold:   69         SH:  5    Dex: 12    Spells: 3/3 levels left

rFire   . . .      SeeInvis .   a - +1 long sword
rCold   . . .      Faith    .   c - +0 buckler
rNeg    . . .      Spirit   .   b - +0 scale mail
rPois   .          Reflect  .   (helmet restricted)
rElec   .          Harm     .   (no cloak)
rCorr   .          Rampage  .   (no gloves)
Will    .....                   (no boots)
Stlth   ..........              (no amulet)
HPRegen 0.13/turn               (no ring)
MPRegen 0.08/turn               (no ring)

@: slowed, very slow
A: horns 2, retaliatory headbutt
a: no special abilities


You were on level 2 of the Dungeon.
You visited 1 branch of the dungeon, and saw 2 of its levels.

You collected 69 gold pieces.

Inventory:

Hand Weapons
 a - a +1 long sword (weapon)
Armour
 b - a +0 scale mail (worn)
 c - a +0 buckler (worn)
Wands
 f - a wand of flame (7)
Scrolls
 g - a scroll of enchant weapon
 i - a scroll of poison {unknown}
Potions
 d - a potion of might
 e - 3 potions of curing
 h - a potion of invisibility


   Skills:
 + Level 4.1 Fighting
 + Level 3.9 Long Blades
 + Level 4.4 Armour
 + Level 0.6 Dodging
 + Level 4.1 Shields


You had 3 spell levels left.
You didn't know any spells.
Your spell library contained the following spells:

 Spells                   Type           Power      Damage    Failure   Level
 Blink                    Tloc           0%         N/A       96%         2
 Manifold Assault         Tloc           0%         N/A       100%        5
 Storm Form               Tmut/Air       0%         N/A       100%        7


Dungeon Overview and Level Annotations

Branches:
Dungeon (2/15)

Altars:

Annotations:
D:2 Natasha


Innate Abilities, Weirdness & Mutations

You have a pair of horns on your head.
You reflexively headbutt those who attack you in melee.


Message History

Natasha stares at you and mumbles some strange words.
You feel yourself slow down.
Found a flail.
A kobold comes into view. It is wielding a +0 short sword.
The kobold shouts!
Natasha claws you!
Natasha stares at you and mumbles some strange words.
The magic dart hits you.
You closely miss Natasha.
Natasha mumbles some strange words.
Natasha casts a spell at you. You resist with some effort.
You hit Natasha. You headbutt Natasha.
Natasha is heavily wounded.
Natasha splashes around in the water.
The kobold hits you but does no damage.
You closely miss Natasha. Your headbutt misses Natasha.
Natasha is heavily wounded.
The white imp gestures at you. The puff of frost hits you.
Natasha howls an incantation.
Natasha shimmers violently.
Natasha claws you. The kobold closely misses you. You furiously retaliate!
You headbutt the kobold!
You kill the kobold!
The white imp hits you but does no damage.
Natasha casts a spell at you. You resist with some effort.
You hit Natasha. Your headbutt misses Natasha.
Natasha is severely wounded.
The white imp gestures at you. The puff of frost hits you!
* * * LOW HITPOINT WARNING * * *
Natasha stares at you and mumbles some strange words.
You resist with some effort. Natasha claws you.
* * * LOW HITPOINT WARNING * * *
The white imp closely misses you.
You barely miss Natasha.
Natasha is severely wounded.
The white imp gestures at you. The puff of frost hits you!
You die...

#≈≈### #|# ##.≈≈..#. #.#
##~~≈≈.... ###.#
#.).~.~... #.#.# #.#.#
#...≈~.~.. #.#.# ## #..#
#~..≈~..#.
.#.###.###.###~..~.~...
#...............h~~..#
#..# #.#.#..##.@5~~.~#
#..# #....#...)~~~.~..
#..#####..###.~~.~~~.##
##........## ##~~~.~....
...))#.....# ...~~~.~..
.......####.#.....~~.###
##.##.######.##...≈≈~#
#...........###..≈≈.#
#.......#####


You could see Natasha and a white imp (summoned).

Vanquished Creatures
  Jessica (D:2)
  Natasha (D:2)
  2 dart slugs (D:1)
  3 endoplasms (D:1)
  A giant cockroach (D:1)
  3 goblins
  A hobgoblin (D:2)
  3 quokkas (D:1)
  6 ball pythons (D:1)
  4 bats (D:1)
  3 frilled lizards (D:1)
  A kobold (D:2)
  3 rats (D:1)
32 creatures vanquished.

Vanquished Creatures (others)
  5 fungi (D:1)
5 creatures vanquished.

Grand Total: 37 creatures vanquished

Notes
Turn   | Place    | Note
-------+----------+-------------------------------------------
     0 | D:1      | Peloso the Minotaur Fighter began the quest for the Orb.
     0 | D:1      | Reached XP level 1. HP: 19/19 MP: 0/0
   192 | D:1      | Reached XP level 2. HP: 26/27 MP: 1/1
  1011 | D:1      | Reached XP level 3. HP: 22/33 MP: 2/2
  1183 | D:2      | Noticed Jessica
  1184 | D:2      | Killed Jessica
  1218 | D:2      | Noticed Natasha
  1228 | D:2      | Killed Natasha
  1229 | D:2      | Reached XP level 4. HP: 22/40 MP: 3/3
  1400 | D:2      | Noticed Natasha
  1409 | D:2      | Killed from afar by a white imp

Illustrated notes

Levels and vault maps discovered:
D:1:      lightli_arrival_statue_moat, layout_loops_corners,
          dreamdust_mushroom_princess, moated_statue
D:2:      layout_loops_ring, serial_rivers, chequers_serial_rivers_micro_a,
          chequers_serial_rivers_small_3, chequers_serial_rivers_large_b,
          chequers_serial_rivers_small_3, chequers_serial_rivers_small_3,
          basic_altar, uniq_natasha, uniq_jessica

Skill      XL: |  1  2  3 |
---------------+----------+-----
Armour         | 4 |  4.4
Fighting       | 4 |  4.1
Long Blades    | 3 |  3.9
Shields        | 4 |  4.1
Dodging        | |  0.6

Action                   |  1- 3 |  4- 6 || total
-------------------------+-------+-------++-------
Melee: Long sword        |    69 |     8 ||    77
       Headbutt          |     7 |     1 ||     8
  Use: Scroll            |     3 |       ||     3
       Potion            |     1 |       ||     1
Armor: Scale mail        |    35 |     6 ||    41
Dodge: Dodged            |    31 |     2 ||    33
Block: Buckler           |    18 |       ||    18
